 Dungeon Crawl Stone Soup version 0.22.1-2-g9c5b331383 (webtiles) character file.

326 Revguard the Stinger (level 6, 0/41 HPs)
             Began as a Demonspawn Venom Mage on Dec 2, 2018.
             Slain by Menkaure (18 damage)
             ... on level 4 of the Dungeon.
             The game lasted 00:14:31 (2748 turns).

Revguard the Stinger (Demonspawn Venom Mage)        Turns: 2748, Time: 00:14:32

Health: 0/41       AC:  5    Str: 13    XL:     6   Next: 24%
Magic:  10/10      EV: 12    Int: 25    God:
Gold:   182        SH:  0    Dex: 13    Spells: 4/11 levels left

rFire    . . .     SeeInvis .   l - +0 scythe
rCold    + . .     Gourm    .   (shield currently unavailable)
rNeg     . . .     Faith    .   a - +1 robe
rPois    .         Spirit   .   (no helmet)
rElec    .         Reflect  .   (no cloak)
rCorr    .         Harm     .   (no gloves)
MR       .....                  (no boots)
Stlth    ++........             p - amulet of the acrobat
HPRegen  0.13/turn              b - ring of wizardry
MPRegen  0.12/turn              q - +6 ring of intelligence

@: mighty
A: iridescent scales 1, cold resistance 1, powered by pain 1
a: no special abilities


You were on level 4 of the Dungeon.
You were very hungry.

You visited 1 branch of the dungeon, and saw 4 of its levels.

You collected 182 gold pieces.

Inventory:

Hand Weapons
 d - a +0 spear
 l - a +0 scythe (weapon)
Armour
 a - a +1 robe (worn)
Jewellery
 b - a ring of wizardry (left hand)
 p - an amulet of the acrobat (around neck)
 q - a +6 ring of intelligence (right hand)
 t - an uncursed ring of protection from magic
Scrolls
 e - a scroll of magic mapping
 s - 2 scrolls of remove curse
Potions
 f - 3 potions of agility {unknown}
 g - 2 potions of brilliance
 h - 2 potions of haste
 i - a potion of degeneration
 j - 3 potions of curing
 k - a potion of magic
Comestibles
 c - 10 rations


   Skills:
 - Level 0.2 Fighting
 * Level 2.5 Polearms
 + Level 2.2 Dodging
 + Level 1.9 Stealth
 + Level 3.0 Spellcasting
 + Level 1.3 Conjurations
 * Level 1.9 Air Magic
 + Level 4.6 Poison Magic


You had 4 spell levels left.
You knew the following spells:

 Your Spells              Type           Power        Failure   Level  Hunger
a - Sting                 Conj/Pois      ###.         1%          1    None
b - Poisonous Vapours     Pois/Air       ###...       1%          2    ##.....
c - Olgreb's Toxic Radia  Pois           ####....     6%          4    ####...

Your spell library contained the following spells:

 Spells                   Type           Power        Failure   Level  Hunger
 Mephitic Cloud           Conj/Pois/Air  ###.....     4%          3    ###....
 Venom Bolt               Conj/Pois      ###.......   32%         5    ######.


Dungeon Overview and Level Annotations

Branches:
Dungeon (4/15)             Temple (0/1) D:4

Altars:
Kikubaaqudgha

Annotations:
D:4 Menkaure


Innate Abilities, Weirdness & Mutations

You are partially covered in iridescent scales. (AC +2)
Your flesh is cold resistant. (rC+)
You sometimes gain a little power by taking damage.


Message History

Menkaure shouts!
Menkaure casts a spell.
Menkaure seems to speed up.
Menkaure murmurs in an indecipherable tongue.
You hit Menkaure.
Menkaure is lightly damaged.
Menkaure hits you. Menkaure misses you. Menkaure hits you!
You focus on the pain.
You feel very mighty all of a sudden.
You slash Menkaure!
Menkaure is almost destroyed.
Menkaure hits you.
Menkaure calls on the powers of darkness!
Your body is wracked with pain!
Okay, then.
You feel better. Menkaure hits you but does no damage.
You completely miss Menkaure.
Menkaure is almost destroyed.
Menkaure hits you!!
You die...

***,≈≈≈≈≈,,,,,,,* *,,,,,,,****
*≈≈≈≈§≈§......# *,,,,,,,* *
**≈≈≈>§§§......# *,,,,,,,* *
*,≈≈≈≈≈§§......#***,,,,,,,****
****,,≈≈≈≈≈.......#,,***+***,,,,,
,,,,,,,≈≈≈,,#.....#,,,,,,,,*,,,,,
,,,,,,,,,,,,#$....+,>,,,,,,*,,,,,
,,,,,,,,*,,,#...M.#+###*,***,,,,,
,,,,,,,,***+#...@.....#*+********
,,,,,,,......#####....+,,+,,,,,,,
####,,,.....,#...#....#,,*,,>,,,,
...#,,<....,,#...#....#,,**,,****
...#,,,...,,,#...#....#,,**+**,,,
...###########...#....#,,,+,,*,,,
.................#....+,,,*,,*...
.........†.......'....#,,,*,,+...
##.###..######...#....#+######...


You could see Menkaure.

Vanquished Creatures
  Sigmund (D:2)
  Jessica (D:2)
  Natasha (twice) (D:2)
  An adder (D:3)
  4 dart slugs
  2 leopard geckos
  An orc (D:3)
  2 ball pythons
  7 bats
  5 giant cockroaches
  9 goblins
  9 hobgoblins
  2 jackals (D:3)
  6 kobolds
  5 frilled lizards
  A leopard gecko skeleton (D:3)
  13 rats
71 creatures vanquished.

Notes
Turn   | Place    | Note
-------+----------+-------------------------------------------
     0 | D:1      | Revguard the Demonspawn Venom Mage began the quest for the
                  | Orb.
     0 | D:1      | Reached XP level 1. HP: 13/13 MP: 3/3
   121 | D:1      | Gained mutation: You are partially covered in iridescent
                  | scales. (AC +2) [demonic ancestry]
   121 | D:1      | Reached XP level 2. HP: 15/19 MP: 0/5
   211 | D:1      | Learned a level 2 spell: Poisonous Vapours
   488 | D:1      | Gained mutation: You sometimes gain a little power by
                  | taking damage. [demonic ancestry]
   488 | D:1      | Reached XP level 3. HP: 23/24 MP: 1/6
  1172 | D:2      | Noticed Jessica
  1175 | D:2      | Killed Jessica
  1175 | D:2      | Reached skill level 1 in Polearms
  1175 | D:2      | Reached XP level 4. HP: 30/30 MP: 1/7
  1264 | D:2      | Noticed Natasha
  1269 | D:2      | Killed Natasha
  1433 | D:2      | Noticed Natasha
  1437 | D:2      | Killed Natasha
  1437 | D:2      | Reached skill level 1 in Air Magic
  1437 | D:2      | Reached skill level 4 in Poison Magic
  1464 | D:2      | Learned a level 4 spell: Olgreb's Toxic Radiance
  1656 | D:2      | Noticed Sigmund
  1668 | D:2      | Killed Sigmund
  1668 | D:2      | Gained mutation: Your flesh is cold resistant. (rC+)
                  | [demonic ancestry]
  1668 | D:2      | Reached XP level 5. HP: 14/35 MP: 2/9
  1668 | D:2      | Reached XP level 6. HP: 17/41 MP: 2/10
  2077 | D:3      | Found an ancient bone altar of Kikubaaqudgha.
  2651 | D:4      | Noticed Menkaure
  2748 | D:4      | Slain by Menkaure

Skill      XL: |  1  2  3  4 |
---------------+-------------+-----
Dodging        | 2 |  2.2
Polearms       | 1 2 |  2.5
Air Magic      | 1 |  1.9
Poison Magic   | 4 |  4.6
Spellcasting   | 3 |  3.0
Fighting       | |  0.2
Stealth        | |  1.9
Conjurations   | |  1.3

Action                   |  1- 3 |  4- 6 || total
-------------------------+-------+-------++-------
Melee: Unarmed           |    33 |       ||    33
       Spear             |    59 |    14 ||    73
       Scythe            |       |    22 ||    22
 Cast: Sting             |    19 |    12 ||    31
       Poisonous Vapours |    16 |    31 ||    47
       Olgreb's Toxic Ra |       |     1 ||     1
  Use: Scroll            |     6 |     6 ||    12
       Potion            |       |     2 ||     2
 Stab: Sleeping          |       |     1 ||     1
  Eat: Chunk             |     2 |     2 ||     4
       Ration            |       |     1 ||     1
Armor: Robe              |    28 |    11 ||    39
Dodge: Dodged            |    51 |    29 ||    80
